 Dungeon Crawl Stone Soup version 0.29.1-12-g30fa7ad0bf (webtiles) character file.

Game seed: 6777621132163868719

59 Radix the Vexing (level 3, 0/18 HPs)
             Began as a Spriggan Arcane Marksman on Dec 18, 2022.
             Slain by Pargi (7 damage)
             ... in a sewer.
             The game lasted 00:19:37 (1955 turns).

Radix the Vexing (Spriggan Arcane Marksman)         Turns: 1955, Time: 00:19:38

Health: 0/18       AC:  2    Str:  6    XL:     3   Next: 78%
Magic:  6/6        EV: 17    Int: 14    God:
Gold:   163        SH:  0    Dex: 17    Spells: 3/4 levels left

rFire   . . .      SeeInvis +   a - +1 sling
rCold   . . .      Faith    .   (no shield)
rNeg    . . .      Spirit   .   c - +0 robe
rPois   .          Reflect  .   (helmet restricted)
rElec   .          Harm     .   (no cloak)
rCorr   .          Rampage  .   (gloves unavailable)
Will    .....                   (boots unavailable)
Stlth   +.........              (no amulet)
HPRegen 0.06/turn               (no ring)
MPRegen 0.10/turn               (no ring)

@: slow
A: very small, no large weapons, unfitting armour, see invisible, speed 3
a: no special abilities


You were in a sewer.
You visited 1 branch of the dungeon, and saw 3 of its levels.
You also visited: Sewer.

You collected 163 gold pieces.

Inventory:

Hand Weapons
 a - a +1 sling (weapon)
 h - a +1 dagger of venom
Armour
 c - a +0 robe (worn)
Wands
 d - a wand of flame (24) (quivered)
Scrolls
 b - 2 scrolls of poison
 f - 3 scrolls of identify
 g - a scroll of summoning {unknown}
 i - a scroll of magic mapping {unknown}
 j - 2 scrolls of teleportation
Potions
 e - a potion of invisibility
 k - a potion of attraction {unknown}


   Skills:
 + Level 2.2 Fighting
 + Level 3.2 Ranged Weapons
 - Level 2.6 Dodging
 - Level 1.3 Spellcasting
 - Level 3.6 Hexes


You had 3 spell levels left.
You knew the following spells:

 Your Spells              Type           Power      Damage    Failure   Level
a - Slow                  Hex            44%        N/A       6%          1

Your spell library contained the following spells:

 Spells                   Type           Power      Damage    Failure   Level
 Inner Flame              Hex/Fire       6%         N/A       36%         3
 Portal Projectile        Hex/Tloc       12%        N/A       36%         3
 Cause Fear               Hex            5%         N/A       50%         4


Dungeon Overview and Level Annotations

Branches:
Dungeon (3/15)              Sewer (1/1)

Altars:

Annotations:
D:2 Sigmund Sewer Pargi


Innate Abilities, Weirdness & Mutations

You are very small and have problems with some larger weapons.
You are too small for most types of armour.
You have supernaturally acute eyesight. (SInv)
You cover ground extremely quickly. (Speed+++)


Message History

Aiming: Throw Flame
Press: ? - help, Shift-Dir - straight line, f/p - Pargi
Aim: Pargi (lightly wounded, 60% to hit)
Okay, then.
Fire: a) +1 sling
Press: ? - help, Q - select action, (/) - cycle Shift-Dir - straight line, f/p - Pargi
Aim: Pargi (lightly wounded, 53% to hit)
Okay, then.
Aiming: Throw Flame
Press: ? - help, Shift-Dir - straight line, f/p - Pargi
Aim: Pargi (lightly wounded, 60% to hit)
Okay, then.
Aiming: Throw Flame
Press: ? - help, Shift-Dir - straight line, f/p - Pargi
Aim: Pargi (lightly wounded, 60% to hit)
The puff of flame hits Pargi!
Pargi is moderately wounded.
Aiming: Throw Flame
Press: ? - help, Shift-Dir - straight line, f/p - Pargi
Aim: Pargi (moderately wounded, 60% to hit)
Okay, then.
Aiming: Throw Flame
Press: ? - help, Q - select action, (/) - cycle Shift-Dir - straight line, f/p - Pargi
Aim: Pargi (moderately wounded, 60% to hit)
The puff of flame hits Pargi!
Pargi is severely wounded.
Pargi closely misses you. Pargi misses you. Pargi barely misses you.
You enter the shallow water.
Moving in this stuff is going to be slow.
Pargi barely misses you. Pargi misses you. Pargi barely misses you.
Pargi bites you. Pargi claws you. x2
Pargi attacks as you move away! Pargi bites you. Pargi closely misses you.
Pargi misses you. Pargi attacks as you move away!
Pargi bites you but does no damage. Pargi claws you.
Pargi claws you but does no damage. Pargi bites you.
Pargi claws you but does no damage. Pargi barely misses you.
You enter the shallow water.
Moving in this stuff is going to be slow.
Pargi attacks as you move away! Pargi bites you!
You die...

#.~≈~.####
+.~≈~.'..#
#.~≈~.####
####.~≈~.####
#∩....∩..†..#
####.~≈~.####
#.~≈~.#
+.~≈T.+
#.~≈@.#
#.~≈~.#
+.~≈~.+
#.~≈~.#
#.~≈~.#
+.~≈~.+
####### #~≈~#
#~≈~#


You could see Pargi.

Vanquished Creatures
  An adder (D:2)
  A worm (D:1)
  A dart slug (D:1)
  3 ball pythons
  6 endoplasms
  4 giant cockroaches
  2 goblins
  A hobgoblin (D:1)
  6 quokkas
  7 frilled lizards
  6 kobolds
  5 rats
43 creatures vanquished.

Notes
Turn   | Place    | Note
-------+----------+-------------------------------------------
     0 | D:1      | Radix the Spriggan Arcane Marksman began the quest for the
                  | Orb.
     0 | D:1      | Reached XP level 1. HP: 9/9 MP: 3/3
   139 | D:1      | Reached skill level 1 in Fighting
   204 | D:1      | Reached XP level 2. HP: 14/14 MP: 5/5
  1100 | D:2      | Reached XP level 3. HP: 18/18 MP: 6/6
  1126 | D:2      | Noticed Sigmund
  1378 | D:2      | Found a faded altar of an unknown god.
  1876 | D:3      | Found a glowing drain.
  1880 | Sewer    | Entered a sewer
  1903 | Sewer    | Noticed Pargi
  1955 | Sewer    | Slain by Pargi

Illustrated notes

Levels and vault maps discovered:
D:1:      dpeg_arrival_oval, layout_basic
D:2:      layout_rooms, chequers_ecumenical_altar_island, minmay_unequal,
          uniq_sigmund
D:3:      minmay_evil_eye, layout_loops_ring, gup_sewer_entry_bowl
Sewer:    kennysheep_door_sewer

Skill      XL: |  1  2  3 |
---------------+----------+-----
Fighting       | 1 2 |  2.2
Ranged Weapons | 3 |  3.2
Dodging        | |  2.6
Spellcasting   | |  1.3
Hexes          | |  3.6

Action                   || total
-------------------------++-------
 Fire: Sling             ||   143
 Cast: Slow              ||     3
Evoke: Wand              ||     5
  Use: Scroll            ||     4
       Potion            ||     1
Armor: Robe              ||     4
Dodge: Dodged            ||    70
